 Dungeon Crawl Stone Soup version 0.31-a0-640-g39d97e502b (webtiles) character file.

Game seed: 12792372212349179041

110 Crownlay the Grave Robber (level 4, 0/30 HPs)
             Began as a Demonspawn Necromancer on Aug 27, 2023.
             Slain by an orc
             ... wielding a +0 short sword
              (5 damage)
             ... on level 3 of the Dungeon.
             The game lasted 00:05:46 (2219 turns).

Crownlay the Grave Robber (Demonspawn Necromancer)  Turns: 2219, Time: 00:05:47

Health: 0/30       AC:  2    Str:  9    XL:     4   Next: 61%
Magic:  3/9        EV: 12    Int: 18    God:
Gold:   105        SH:  0    Dex: 13    Spells: 2/10 levels left

rFire   . . .        p - staff "Dodghow" {rC++ Ice Earth}
rCold   + + .        (no shield)
rNeg    . . .        a - +0 robe
rPois   .            (no helmet)
rElec   .            (no cloak)
rCorr   .            (no gloves)
SInv    .            (no boots)
Will    .....        (no amulet)
Stlth   ++           (no ring)
HPRegen 0.25/turn    (no ring)
MPRegen 0.11/turn

%: no passive effects
@: animating dead
A: claws 1, foul stench 1
a: no special abilities


You were on level 3 of the Dungeon.
You visited 1 branch of the dungeon, and saw 3 of its levels.

You collected 105 gold pieces.

Inventory:

Missiles
 o - 2 curare-tipped darts
Armour
 a - a +0 robe (worn)
Magical Staves
 p - the staff "Dodghow" (weapon) {rC++ Ice Earth}
   (You found it on level 2 of the Dungeon)

   [staff of earth]

   Base accuracy: +5 Base damage: 5 Base attack delay: 1.2 This weapon's minimum
   attack delay (0.6) is reached at skill level 12.
   rC++:      It greatly protects you from cold.
   Ice:       It increases the power of your Ice spells.
   Earth:     It increases the power of your Earth spells.
   It falls into the 'Staves' category.
   It is a one-handed weapon.
Talismans
 e - a flux talisman
Wands
 g - a wand of flame (12)
 r - a wand of polymorph (14)
Scrolls
 c - a scroll of identify
 d - a scroll of brand weapon
 f - a scroll of enchant armour {unknown}
 h - a scroll of teleportation {unknown}
 j - a scroll of vulnerability {unknown}
 m - a scroll of noise {unknown}
 n - a scroll of blinking {unknown}
 q - 2 scrolls of immolation {unknown}
 s - a scroll of poison {unknown}
Potions
 b - a potion of magic
 i - a potion of curing
 k - a potion of heal wounds {unknown}
 l - 3 potions of brilliance {unknown}


   Skills:
 - Level 1.7 Dodging
 - Level 1.7 Stealth
 + Level 3.8 Spellcasting
 * Level 5.3 Necromancy


You had 2 spell levels left.
You knew the following spells:

 Your Spells              Type           Power      Damage    Failure   Level
a - Necrotise             Necr           88%        1d8       1%          1
b - Vampiric Draining     Necr           22%        2d7       4%          3
c - Animate Dead          Necr           22%        N/A       17%         4

Your spell library contained the following spells:

 Spells                   Type           Power      Damage    Failure   Level
 Apportation              Tloc           6%         N/A       16%         1
 Slow                     Hex            12%        N/A       16%         1
 Summon Small Mammal      Summ           12%        N/A       16%         1
 Confusing Touch          Hex            3%         N/A       41%         3
 Agony                    Necr           22%        N/A       43%         5
 Anguish                  Hex/Necr       6%         N/A       45%         4
 Cause Fear               Hex            1%         N/A       83%         4
 Enfeeble                 Hex            1%         N/A       100%        7


Dungeon Overview and Level Annotations

Branches:
Dungeon (3/15)

Altars:
Dithmenos
Wu Jian


Innate Abilities, Weirdness & Mutations

You have sharp fingernails.
You may rarely emit foul miasma when damaged in melee.


Message History

You hit the orc.
The orc is severely wounded.
Your hobgoblin skeleton barely misses the orc.
The orc hits you but does no damage.
The orc hits your hobgoblin skeleton with a +0 hand axe.
Your hobgoblin skeleton is destroyed!
You closely miss the orc.
The orc is severely wounded.
The orc misses you.
You closely miss the orc.
The orc is severely wounded.
The orc closely misses you.
You hit the orc.
You kill the orc!
The orc hits you but does no damage.
You barely miss the orc. The orc hits you with a +0 short sword.
* * * LOW HITPOINT WARNING * * *
You barely miss the orc. The orc barely misses you.
You closely miss the orc. The orc hits you with a +0 short sword.
* * * LOW HITPOINT WARNING * * *
You feel better. The orc closely misses you.
You barely miss the orc. The orc misses you.
You hit the orc.
The orc is heavily wounded.
The orc hits you but does no damage. The orc hits you with a +0 short sword.
* * * LOW HITPOINT WARNING * * *
You hit the orc but do no damage.
The orc is heavily wounded.
The orc hits you with a +0 short sword.
* * * LOW HITPOINT WARNING * * *
You hit the orc but do no damage.
The orc is heavily wounded.
The orc barely misses you.
You barely miss the orc.
The orc is heavily wounded.
The orc barely misses you.
You hit the orc but do no damage.
The orc is heavily wounded.
The orc hits you with a +0 short sword.
You die...

#..... #.... ...#.....
#..... ...#.....
#......................
#..... ....##...#......
#....# #.#.#....#......
#....# #....#...#......
#####...###........!......
.......oo@............#...
####...###....##.........
#..o.............)....
#.)!...#Z......#........
#.....o#...#........!...
#..........#............
#........#..............
#....<...#..............
.........................


You could see 2 orcs.

Vanquished Creatures
  An adder (D:3)
  2 dart slugs (D:1)
  5 orcs (D:3)
  5 ball pythons
  3 endoplasms (D:1)
  4 giant cockroaches (D:1)
  4 goblins
  6 hobgoblins
  3 jackals
  8 kobolds
  2 quokkas (D:2)
  2 bats (D:1)
  4 frilled lizards
  7 rats
56 creatures vanquished.

Vanquished Creatures (collateral kills)
  Jessica (D:3)
  An endoplasm (D:3)
  A quokka (D:1)
  2 rats (D:1)
5 creatures vanquished.

Vanquished Creatures (others)
  2 orc zombies (D:3)
2 creatures vanquished.

Grand Total: 63 creatures vanquished

Notes
Turn   | Place    | Note
-------+----------+-------------------------------------------
     0 | D:1      | Crownlay the Demonspawn Necromancer began the quest for the
                  | Orb.
     0 | D:1      | Reached XP level 1. HP: 13/13 MP: 3/3
   140 | D:1      | Gained mutation: You may rarely emit foul miasma when
                  | damaged in melee. [demonic ancestry]
   140 | D:1      | Reached XP level 2. HP: 19/19 MP: 0/5
   511 | D:1      | Reached XP level 3. HP: 24/24 MP: 4/7
   764 | D:1      | Learned a level 3 spell: Vampiric Draining
   779 | D:1      | Found a faded altar of an unknown god.
  1109 | D:1      | Found an ornate altar of the Wu Jian Council.
  1159 | D:2      | Found a shadowy altar of Dithmenos.
  1417 | D:2      | Reached skill level 5 in Necromancy
  1619 | D:2      | Identified the staff "Dodghow" {rC++ Ice Earth}
  1877 | D:3      | Noticed Jessica
  1881 | D:3      | Killed Jessica
  1882 | D:3      | Gained mutation: You have sharp fingernails. [demonic
                  | ancestry]
  1882 | D:3      | Reached XP level 4. HP: 30/30 MP: 2/9
  2136 | D:3      | Learned a level 4 spell: Animate Dead
  2219 | D:3      | Slain by an orc

Illustrated notes

Levels and vault maps discovered:
D:1:      dpeg_arrival_water_altar, layout_rooms, serial_glass, glass_columns_c,
          glass_columns_b, hellmonk_ecumenical_altar_heavens_door,
          minmay_indecisive_spiral
D:2:      layout_loops_ring, basic_altar
D:3:      layout_basic, biasface_ghost_orc_armoury, uniq_jessica

Skill      XL: |  1  2  3 |
---------------+----------+-----
Spellcasting   | 3 |  3.8
Necromancy     | 5 |  5.3
Dodging        | |  1.7
Stealth        | |  1.7

Action                     |  1- 3 |  4- 6 || total
---------------------------+-------+-------++-------
  Melee: Short sword       |    49 |       ||    49
         Staff             |       |    25 ||    25
   Cast: Necrotise         |    67 |    14 ||    81
         Animate Dead      |       |     2 ||     2
    Use: Scroll            |     2 |       ||     2
         Potion            |       |     1 ||     1
   Stab: Distracted        |     2 |       ||     2
 Armour: Robe              |    15 |     6 ||    21
  Dodge: Dodged            |    34 |    16 ||    50

Table legend: (Time is in decaauts)
 A = Elapsed time spent in this place.
 B = Non-inter-level travel time spent in this place.
 C = Inter-level travel time spent in this place.
 D = Time resting spent in this place.
 E = Time spent auto-exploring this place.
 F = Levels seen in this place.
 G = Mean time per level.
                   A        B        C        D        E       F      G
               +--------+--------+--------+--------+--------+-----+--------+
         Total |   2228 |   2135 |     93 |      0 |   1701 |   3 |  742.7 |
       Dungeon |   2228 |   2135 |     93 |      0 |   1701 |   3 |  742.7 |
               +--------+--------+--------+--------+--------+-----+--------+

Top non-repeatable levels by time:
     D:1: 1158 daAuts
     D:2: 710 daAuts
     D:3: 359 daAuts
